 Dungeon Crawl Stone Soup version 0.23-a0-586-gacb4b3f (console) character file.

7 Duffy the Firebug (level 1, 3/10 HPs)
             Began as a Deep Elf Fire Elementalist on Dec 19, 2018.
             Quit the game on level 3 of the Dungeon.
             The game lasted 00:00:22 (117 turns).

Duffy the Firebug (Deep Elf Fire Elementalist)       Turns: 117, Time: 00:00:23

Health: 3/10       AC:  2    Str:  5    XL:     1   Next: 91%
Magic:  0/6        EV: 13    Int: 19    God:
Gold:   9          SH:  0    Dex: 15    Spells: 5/6 levels left

rFire    . . .     SeeInvis .   (no weapon)
rCold    . . .     Gourm    .   (no shield)
rNeg     . . .     Faith    .   a - +0 robe
rPois    .         Spirit   .   (no helmet)
rElec    .         Reflect  .   (no cloak)
rCorr    .         Harm     .   (no gloves)
MR       .....                  (no boots)
Stlth    ++........             (no amulet)
HPRegen  0.03/turn              (no ring)
MPRegen  0.10/turn              (no ring)

@: no status effects
A: no striking features
a: no special abilities


You were on level 3 of the Dungeon.
You were not hungry.

You visited 1 branch of the dungeon, and saw 3 of its levels.

You collected 9 gold pieces.

Inventory:

Armour
 a - a +0 robe (worn)
Potions
 d - 2 potions of mutation {unknown}
Comestibles
 b - 3 chunks of flesh
 c - 2 rations


   Skills:
 - Level 2.4 Dodging
 - Level 2.4 Stealth
 - Level 3.0 Spellcasting
 + Level 2.2 Conjurations
 - Level 3.2 Fire Magic


You had 5 spell levels left.
You knew the following spells:

 Your Spells              Type           Power        Failure   Level  Hunger
h - Flame Tongue          Conj/Fire      ##...        4%          1    None

Your spell library contained the following spells:

 Spells                   Type           Power        Failure   Level  Hunger
 Throw Flame              Conj/Fire      ##....       8%          2    ##.....
 Conjure Flame            Conj/Fire      ##......     14%         3    ###....
 Inner Flame              Hex/Fire       #.......     24%         3    ###....
 Sticky Flame             Conj/Fire      ##......     43%         4    ####...
 Fireball                 Conj/Fire      ##........   80%         5    ######.


Dungeon Overview and Level Annotations

Branches:
Dungeon (3/15)

Altars:


Message History

Casting: Flame Tongue (safe; 4% risk of failure)
Confirm with . or Enter, or press ? or * to list all spells.
Aiming: Flame Tongue (safe; 4% risk of failure)
Press: ? - help, Shift-Dir - straight line, f/p - jackal
Aim: a jackal (heavily wounded)
The flame tongue hits the jackal.
The jackal is severely wounded.
The jackal bites you but does no damage.
Casting: Flame Tongue (safe; 4% risk of failure)
Confirm with . or Enter, or press ? or * to list all spells.
You don't have enough magic to cast that spell.
Casting: Flame Tongue (safe; 4% risk of failure)
Confirm with . or Enter, or press ? or * to list all spells.
You don't have enough magic to cast that spell.
Casting: Flame Tongue (safe; 4% risk of failure)
Confirm with . or Enter, or press ? or * to list all spells.
You don't have enough magic to cast that spell.
The jackal bites you.
The jackal bites you but does no damage.
Are you sure you want to abandon this character and quit the game? (Confirm

###### ..... .
#...###.. #........
#........
##########........
###..h..%......%....
####....h####..###.....
#<.##..@##.>#..# ...
#...#...#...#..# .
##.'#...#..#####
...###.....#####
................#
.........7......#
###.............>#
#####.....####.#
..#...#. ..


You could see 2 jackals.

Vanquished Creatures
  A leopard gecko (D:2)
  A ball python (D:2)
  A giant cockroach (D:3)
  2 jackals (D:3)
5 creatures vanquished.

Notes
Turn   | Place    | Note
-------+----------+-------------------------------------------
     0 | D:1      | Duffy the Deep Elf Fire Elementalist began the quest for
                  | the Orb.
     0 | D:1      | Reached XP level 1. HP: 10/10 MP: 6/6
   117 | D:3      | Quit the game

Vault maps used:
D:1:      evilmike_arrival_plus, minmay_statues_item
D:2:      grunt_decor_arrowhead, st_stairs_12
D:3:      minmay_spotlight, dk_noncrumbling_2, minmay_stone_trees_large,
          grunt_ministairs_6

Skill      XL: |  1 |
---------------+----+-----
Conjurations   | 2 |  2.2
Dodging        | |  2.4
Stealth        | |  2.4
Spellcasting   | |  3.0
Fire Magic     | |  3.2

Action                   || total
-------------------------++-------
 Cast: Flame Tongue      ||    11
Armor: Robe              ||     4
Dodge: Dodged            ||     4

Table legend:
 A = Non-vault XP
 B = Vault XP
 C = Vault XP percentage of total XP
 D = Non-vault monster count
 E = Vault monster count
 F = Vault count percentage of total count
                 A         B        C        D         E       F
            +---------+---------+-------+---------+---------+-------
      Total |       9 |       2 |  18.2 |       4 |       1 |  20.0
            +---------+---------+-------+---------+---------+-------
        D:2 |       5 |       0 |   0.0 |       2 |       0 |   0.0
        D:3 |       4 |       2 |  33.3 |       2 |       1 |  33.3
            +---------+---------+-------+---------+---------+-------
